Map: Acropolis LE

Players

ZipperTheFly - Winner!

  • Race: Terran Terran
  • Spawn Location: 11:00

Bee

  • Race: Zerg Zerg
  • Spawn Location: 5:00

Event: 2019 WCS Summer

VOD

Have the link to the VOD?

Description

Time

  • Played on: July 12, 2019, 6:46 a.m.
  • Length: 15:14

All games in this series

Show
View Real Time Build Order
Export as new Build Order

ZipperTheFly Terran - Winner!

Build Orders: Hellion Opening, Reaper Expand 

Get SALT Encoding   

  12  0:00  SCV  
  13  0:13  SCV  
  14  0:18  Supply Depot  
  14  0:25  SCV  
  15  0:39  SCV  
  15  0:40  Barracks  
  16  0:44  Refinery  
  16  0:51  SCV  
  17  1:03  SCV  
  18  1:16  SCV  
  19  1:27  Reaper  
  19  1:28  Orbital Command  
  20  1:39  Command Center  
  20  1:49  Supply Depot  
  20  1:53  SCV  
  21  1:59  Marine  
  22  2:05  SCV  
  23  2:08  Factory  
  23  2:13  Refinery  
  23  2:18  SCV  
  23  2:21  Barracks Reactor  
  24  2:30  SCV  
  25  2:42  SCV  
  26  2:54  Orbital Command  
  26  2:57  Starport  
  26  2:58  SCV  
  27  3:05  Hellion  
  29  3:06  Barracks Tech Lab, Hellion  
  31  3:13  SCV  
  32  3:20  SCV  
  32  3:26  Hellion  
  35  3:27  SCV  
  35  3:28  Hellion  
  35  3:34  SCV  
  39  3:37  Supply Depot  
  39  3:42  Viking, Stimpack  
  39  3:45  SCV  
  39  3:46  SCV  
  43  3:52  Hellion  
  45  3:57  SCV  
  45  3:59  SCV, Hellion  
  49  4:04  Supply Depot  
  49  4:05  Liberator  
  49  4:09  SCV  
  50  4:11  SCV  
  54  4:26  Marine, SCV x2  
  57  4:32  Factory Tech Lab  
  57  4:36  Command Center  
  57  4:38  SCV, Supply Depot  
  58  4:48  Barracks  
  58  4:49  Barracks, SCV  
  58  4:50  SCV  
  60  4:54  Engineering Bay  
  60  4:56  Engineering Bay  
  60  5:00  Siege Tank, Marine  
  60  5:01  SCV  
  60  5:04  SCV  
  60  5:06  Supply Depot  
  60  5:07  Starport Reactor  
  66  5:16  SCV  
  66  5:17  SCV  
  66  5:19  Marine, Refinery  
  66  5:20  Refinery  
  69  5:21  Terran Infantry Weapons Level 1, Terran Infantry Armor Level 1  
  69  5:28  SCV  
  70  5:29  SCV  
  71  5:40  SCV  
  71  5:41  Marine  
  71  5:42  Marine x2  
  75  5:43  Combat Shield  
  75  5:46  Marine  
  75  5:47  Orbital Command, Marine  
  75  5:49  SCV  
  78  5:51  Supply Depot  
  78  5:55  SCV  
  79  5:57  Starport Reactor  
  79  5:59  Marine x2  
  79  6:00  Marine  
  79  6:01  SCV  
  79  6:02  Siege Tank  
  79  6:03  Marine  
  87  6:04  Marine  
  87  6:07  SCV  
  85  6:13  Orbital Command, SCV  
  85  6:17  Marine x2  
  85  6:18  Marine  
  80  6:21  Marine  
  80  6:25  Marine  
  81  6:29  SCV x2  
  81  6:31  Barracks  
  81  6:32  Barracks  
  79  6:33  Medivac x2  
  79  6:35  Marine x3  
  79  6:37  Siege Tank  
  79  6:39  Marine, SCV  
  91  6:42  SCV x2  
  91  6:43  Marine  
  91  6:46  Supply Depot  
  94  6:47  Supply Depot  
  94  6:51  SCV  
  94  6:53  Armory  
  94  6:54  Marine x2  
  95  6:56  Marauder  
  95  6:57  SCV  
  95  6:58  SCV  
  101  7:03  Supply Depot  
  101  7:07  SCV  
  102  7:09  SCV  
  102  7:12  Marine x3  
  102  7:14  SCV  
  107  7:20  Marine  
  107  7:21  Barracks Tech Lab, Barracks Reactor  
  107  7:22  Siege Tank  
  110  7:23  SCV  
  110  7:24  SCV  
  112  7:33  Marine x2  
  110  7:42  Marine x2  
  110  7:43  Marauder x2  
  106  7:44  SCV x2  
  106  7:47  Terran Infantry Weapons Level 2, Terran Infantry Armor Level 2  
  106  7:50  Refinery, SCV  
  103  7:51  Refinery, Factory  
  103  7:53  Marine x2  
  103  7:56  SCV x2  
  107  8:00  Marine x2  
  107  8:01  Terran Vehicle Weapons Level 1  
  107  8:02  Supply Depot x2  
  107  8:04  Marine x2  
  109  8:07  SCV  
  109  8:08  Marine x2  
  109  8:09  Siege Tank  
  109  8:10  Marine, SCV  
  117  8:14  Supply Depot  
  117  8:15  SCV, Supply Depot  
  117  8:17  Supply Depot  
  117  8:27  Marine x4  
  117  8:28  Marine  
  117  8:29  Marauder x2, Medivac x2  
  117  8:31  SCV x2  
  132  8:37  Factory Tech Lab  
  132  8:38  Command Center  
  132  8:45  Marine x2  
  132  8:46  Marine x3  
  132  8:47  Marine  
  138  8:49  Siege Tank  
  138  8:55  Marauder x2  
  145  8:57  Supply Depot  
  145  9:04  Medivac x2  
  145  9:05  Siege Tank  
  152  9:15  Marine x4  
  152  9:16  Marauder x2  
  152  9:20  Supply Depot  
  152  9:21  Supply Depot  
  149  9:31  Marine  
  149  9:32  Marine  
  149  9:33  Siege Tank  
  149  9:34  Marine  
  149  9:36  Marine x2  
  149  9:37  Medivac  
  149  9:38  Siege Tank, Marauder, Medivac  
  163  9:39  Marine  
  163  9:40  Marauder  
  169  9:54  Marine x2, SCV x2  
  169  9:59  Marauder, SCV  
  176  10:04  Terran Vehicle Weapons Level 2  
  176  10:06  Terran Infantry Weapons Level 3, SCV  
  177  10:08  Marauder, Marine  
  180  10:17  Marine x2  
  180  10:20  Marauder  
  184  10:21  SCV  
  180  10:38  Marine x2  
  180  10:39  Marauder, Marine  
  180  10:40  Siege Tank x2  
  187  10:44  Planetary Fortress  
  187  10:47  Refinery  
  187  10:48  Ghost Academy, Refinery, Command Center  
  187  10:49  Marine x2  
  189  10:50  Marauder  
  189  10:52  Medivac  
  187  10:57  Marine x2  
  182  11:12  Siege Tank  
  182  11:16  Marine  
  182  11:17  Marauder  
  187  11:18  Marine  
  187  11:19  Marine x2  
  187  11:20  Siege Tank, Marauder  
  188  11:29  Marine x2  
  188  11:30  Medivac x2  
  188  11:32  Personal Cloaking  
  192  11:33  Barracks  
  192  11:34  Barracks  
  192  11:36  Barracks  
  192  11:40  Marine x4  
  192  11:41  Marauder, Command Center  
  198  11:48  Marine  
  198  11:49  Marine  
  195  12:06  Marine x3  
  173  12:10  Marine  
  173  12:11  Marine x2  
  173  12:12  Siege Tank x2, Medivac x2  
  155  12:24  Marine  
  155  12:25  Barracks Reactor  
  155  12:26  Marine, Barracks Reactor  
  155  12:27  Marine, Barracks Tech Lab  
  148  12:35  Marine x2, Liberator x2  
  150  12:42  Marine  
  150  12:43  Marine  
  150  12:44  Siege Tank x2  
  157  12:51  Marine  
  157  12:56  Orbital Command  
  164  13:01  Command Center  
  164  13:03  Marine, Command Center  
  165  13:08  Marine x3  
  165  13:09  Marine x4, Command Center  
  165  13:10  Marine x2, Ghost  
  167  13:21  Marine  
  167  13:23  Siege Tank x2  
  171  13:29  Starport  
  171  13:30  Starport  
  171  13:32  Marine  
  171  13:33  Marauder, Liberator x2  
  172  13:40  Ghost x2  
  170  13:43  Marine x4  
  170  13:44  Marine x3  
  165  13:50  Marine  
  165  13:54  Marine  
  168  13:57  Siege Tank  
  168  13:58  Barracks Tech Lab  
  168  14:01  Marine x3  
  168  14:03  Marine x2  
  168  14:06  Nuke  
  168  14:09  Marauder, Ghost  
  174  14:14  Marine x2, Ghost  
  174  14:15  Marine  
  179  14:18  Ghost Academy  
  179  14:19  Orbital Command, Ghost Academy  
  179  14:20  Orbital Command  
  179  14:22  Planetary Fortress  
  165  14:28  Starport Tech Lab, Starport Reactor  
  165  14:29  Marine x3  
  165  14:30  Siege Tank x2, Ghost  
  176  14:36  Ghost  
  176  14:37  Marine x2, Ghost  
  177  14:49  Marine  
Show
View Real Time Build Order
Export as new Build Order

Bee Zerg 

Build Orders: Pool First 

Get SALT Encoding   

  12  0:00  Drone  
  13  0:12  Overlord  
  13  0:16  Drone  
  14  0:31  Drone x2  
  14  0:34  Drone  
  17  0:46  Spawning Pool  
  16  0:56  Extractor  
  15  1:06  Hatchery  
  15  1:09  Drone  
  15  1:14  Drone  
  15  1:17  Drone  
  17  1:21  Drone  
  18  1:34  Queen  
  18  1:36  Zergling x2  
  21  1:42  Drone  
  22  1:52  Overlord  
  22  1:57  Metabolic Boost  
  22  2:10  Queen  
  22  2:12  Drone  
  25  2:16  Drone  
  25  2:18  Drone  
  27  2:27  Drone  
  28  2:30  Drone  
  28  2:36  Drone  
  30  2:42  Drone x3  
  33  2:44  Overlord  
  33  2:54  Hatchery  
  33  2:57  Drone x2  
  34  3:00  Drone  
  34  3:01  Drone  
  36  3:08  Queen  
  36  3:11  Drone x2  
  40  3:18  Overlord  
  40  3:22  Drone x2, Pneumatized Carapace  
  42  3:30  Zergling x2  
  42  3:31  Zergling x2  
  43  3:34  Overlord  
  43  3:39  Extractor  
  43  3:40  Drone x2  
  44  3:41  Roach Warren  
  44  3:46  Drone  
  44  3:47  Drone x2  
  46  3:51  Overlord  
  46  3:52  Zergling x2  
  46  3:53  Zergling x2  
  48  3:59  Queen  
  50  4:06  Queen  
  50  4:07  Drone x4  
  56  4:15  Drone  
  56  4:16  Drone  
  56  4:17  Drone x2  
  60  4:18  Evolution Chamber  
  59  4:25  Lair  
  59  4:26  Drone  
  59  4:28  Extractor  
  59  4:29  Drone x3  
  59  4:30  Drone  
  63  4:35  Drone x3  
  66  4:44  Zerg Ground Armor Level 1  
  66  4:51  Overlord  
  66  4:52  Overlord  
  66  5:00  Overlord  
  66  5:04  Extractor  
  66  5:06  Drone  
  66  5:09  Drone, Queen x2  
  66  5:10  Drone x2  
  66  5:11  Drone x8  
  81  5:16  Overlord x2  
  81  5:24  Evolution Chamber  
  81  5:26  Infestation Pit, Drone, Glial Reconstitution  
  80  5:30  Extractor x2  
  78  5:38  Drone x3, Overlord x2  
  78  5:39  Drone x2  
  78  5:40  Drone  
  78  5:41  Roach x2  
  88  5:43  Roach  
  88  5:48  Spore Crawler x2  
  88  5:51  Spore Crawler  
  88  5:55  Zergling x6  
  74  6:13  Drone x7  
  75  6:19  Overlord x4  
  75  6:30  Pathogen Glands  
  75  6:31  Drone  
  75  6:32  Drone x4  
  80  6:36  Drone x2  
  82  6:48  Drone  
  82  6:49  Drone x3  
  86  6:57  Infestor x2  
  86  6:58  Infestor  
  91  7:02  Drone x3  
  94  7:17  Roach x9  
  94  7:19  Ravager x3  
  94  7:22  Roach x3  
  117  7:25  Roach  
  117  7:30  Roach x4  
  110  7:37  Roach  
  110  7:38  Roach x4  
  110  7:42  Roach  
  119  7:45  Queen x2  
  119  7:46  Queen  
  119  7:51  Infestor x2  
  123  7:55  Zerg Ground Armor Level 2  
  127  8:00  Zerg Missile Weapons Level 1  
  127  8:01  Drone x2  
  127  8:03  Drone  
  127  8:11  Hatchery  
  126  8:17  Drone  
  126  8:18  Drone x3  
  130  8:24  Hive  
  130  8:25  Overlord x2  
  130  8:26  Infestor x2  
  134  8:31  Overseer  
  134  8:32  Overseer  
  134  8:34  Queen  
  134  8:35  Queen  
  134  8:41  Overlord x2  
  138  8:48  Drone  
  139  8:49  Hydralisk Den  
  139  8:53  Drone x3  
  139  8:54  Drone  
  139  8:55  Infestor, Extractor  
  141  8:56  Infestor  
  141  8:59  Drone x5  
  150  9:07  Extractor  
  147  9:26  Hatchery  
  147  9:27  Hydralisk x3, Muscular Augments  
  147  9:28  Hydralisk, Hatchery  
  152  9:33  Hatchery  
  151  9:45  Viper x3  
  151  9:50  Hydralisk x4  
  168  9:54  Drone x2  
  168  9:59  Evolution Chamber  
  169  10:00  Evolution Chamber, Zerg Missile Weapons Level 2  
  169  10:06  Hydralisk x2  
  170  10:07  Overlord x4  
  170  10:11  Extractor  
  169  10:17  Hydralisk, Extractor  
  168  10:29  Queen  
  168  10:31  Hydralisk x7  
  181  10:44  Hydralisk x5  
  191  10:54  Spore Crawler  
  185  10:58  Drone x9  
  192  11:05  Hydralisk  
  192  11:06  Hydralisk x2  
  192  11:11  Hydralisk  
  198  11:22  Hydralisk x6  
  190  11:27  Hydralisk x2  
  186  11:44  Hydralisk x6  
  186  11:45  Hatchery  
  197  11:53  Hydralisk  
  197  11:54  Hydralisk, Grooved Spines  
  195  12:05  Hydralisk x7  
  195  12:07  Hydralisk  
  183  12:12  Hydralisk x2  
  183  12:14  Viper  
  147  12:27  Queen  
  149  12:33  Hydralisk x8  
  165  12:42  Viper  
  165  12:43  Hydralisk x2  
  168  12:51  Hydralisk x4  
  162  12:57  Extractor  
  169  13:04  Spire  
  160  13:26  Drone x13  
  170  13:38  Overlord  
  158  13:52  Hydralisk x7  
  158  13:53  Spire  
  153  14:07  Hydralisk x5  
  161  14:10  Overlord  
  161  14:14  Hatchery  
  161  14:15  Infestor x2  
  157  14:25  Hydralisk x4  
  165  14:38  Queen  
  159  14:48  Hydralisk x7  
Tags
 
Add a new tag
Caveats
  • Supply blocks, unpowered buildings, or Contaminate may cause inaccurate times.
  • Supply counts are checked every 10 seconds.